 Dungeon Crawl Stone Soup version bcrawl-1.41 (webtiles) character file.

Game seed: 18079137690709202638

155882 Galewind the Shield-Bearer (level 3, -1/33 HPs)
             Began as a Minotaur Fighter on Mar 30, 2024.
             Slain by Sigmund
             ... wielding a +3 scythe of slicing
              (2 damage)
             ... on level 2 of the Dungeon.
             The game lasted 00:03:00 (1098 turns).

Galewind the Shield-Bearer (Minotaur Fighter)       Turns: 1098, Time: 00:03:01

Health: -1/33      AC:  7    Str: 21    XL:     3   Next: 96%
Magic:  2/2        EV:  9    Int: 10    God:
Gold:   69         SH:  9    Dex:  9    Spells: 2/2 levels left

rFire    + . .     GDR:     25% o - +0 war axe (freeze)
rCold    + . .     SeeInvis .   c - +0 medium shield
rNeg     . . .     Gourm    .   b - +0 scale mail
rPois    +         Faith    .   (helmet restricted)
rElec    +         Spirit   .   (no cloak)
rCorr    +         Reflect  .   (no gloves)
MR       .....                  (no boots)
Stlth    ..........             (no amulet)
HPRegen  0.15/turn              g - +4 ring of evasion
MPRegen  0.08/turn              (no ring)

@: brilliant, resistant
A: retaliatory headbutt, horns 2
a: no special abilities


You were on level 2 of the Dungeon.
You were hungry.

You visited 1 branch of the dungeon, and saw 2 of its levels.

You collected 69 gold pieces.

Inventory:

Hand Weapons
 o - a +0 war axe of freezing (weapon)
Armour
 b - a +0 scale mail (worn)
 c - a +0 medium shield (worn)
 m - a +0 pair of gloves
Jewellery
 g - a +4 ring of evasion (left hand)
 q - an uncursed ring of resist corrosion {unknown}
Scrolls
 f - 2 scrolls of teleportation {unknown}
 h - a scroll of revelation {unknown}
 i - 2 scrolls of identify
 l - a scroll of remove curse {unknown}
 p - a scroll of amnesia {unknown}
Potions
 d - a potion of might
 j - 2 potions of brilliance
 n - a potion of experience {unknown}
Comestibles
 e - a ration {!d}


   Skills:
 + Level 4.2 Fighting
 + Level 0.4(2.0) Axes
   Level 3.1(3.2) Maces & Flails
 + Level 4.2 Armour
 + Level 4.4 Shields


You had 2 spell levels left.
You didn't know any spells.
Your spell library contained the following spells:

 Spells                   Type           Power        Failure   Level  Hunger
 Magic Dart               Conj           #...         69%         1    None
 Blink                    Tloc           N/A          80%         2    ####...
 Call Imp                 Summ           #.....       80%         2    ####...
 Conjure Flame            Conj/Fire      #.......     94%         3    #####..
 Mephitic Cloud           Conj/Pois/Air  #.......     94%         3    #####..
 Spider Form              Tmut/Pois      #..          94%         3    #####..


Dungeon Overview and Level Annotations

Branches:
Dungeon (2/12)

Altars:
Makhleb
Qazlal
Uskayaw

Annotations:
D:2 Sigmund


Innate Abilities, Weirdness & Mutations

You reflexively headbutt those who attack you in melee.
You have a pair of horns on your head.


Message History

You barely miss Sigmund.
Sigmund is heavily wounded.
Sigmund gestures wildly while chanting.
Sigmund flickers and vanishes!
Deactivating autopickup; reactivate with Ctrl-A.
You barely miss something. You block something's attack.
You closely miss something. Something hits you.
* * * LOW HITPOINT WARNING * * *
x2 You closely miss something.
Your headbutt misses something.
You hear some strange, mumbled words.
A magic dart appears from out of thin air!
The magic dart hits you but does no damage.
You hear some strange, mumbled words.
A puff of flame appears from out of thin air!
You resist. The puff of flame hits you.
* * * LOW HITPOINT WARNING * * *
You miss something. Something hits you.
* * * LOW HITPOINT WARNING * * *
Ssssck.
You die...

........######.#..##
##...#..## ###[#.########
##.#.....###^§≈...≈.....#
##........#.^#^..≈##^.#.#
......#....≈≈^(^..#§#....
###.)....##≈.##...≈^^^.##
#....#.##....^...≈.≈.#
###............{......#
...........≈.^.@≈§^≈.##
..........≈.§...§.≈≈≈#
..........≈≈#^§§.###.#
.........#(^≈#§.≈# ^#
...........^^....^§ #
##########......####
########


There were no monsters in sight!

Vanquished Creatures
  An adder (D:2)
  2 dart slugs (D:2)
  A leopard gecko (D:2)
  An orc (D:2)
  A ball python (D:1)
  7 bats
  2 giant cockroaches (D:1)
  8 goblins
  7 hobgoblins
  2 jackals (D:1)
  8 kobolds
  A quokka (D:2)
  3 frilled lizards
  5 rats (D:1)
49 creatures vanquished.

Notes
Turn   | Place    | Note
-------+----------+-------------------------------------------
     0 | D:1      | Galewind the Minotaur Fighter began the quest for the Orb.
     0 | D:1      | Reached XP level 1. HP: 19/19 MP: 0/0
    91 | D:1      | Reached XP level 2. HP: 18/27 MP: 1/1
   413 | D:1      | Reached XP level 3. HP: 33/33 MP: 2/2
   810 | D:2      | Found a hide-covered altar of Uskayaw.
   864 | D:2      | Found a burning altar of Makhleb.
  1013 | D:2      | Found a stormy altar of Qazlal.
  1057 | D:2      | Noticed Sigmund
  1098 | D:2      | HP: 1/33 [something (2)]
  1098 | D:2      | Slain by Sigmund

Skill      XL: |  1  2  3 |
---------------+----------+-----
Shields        | 4 |  4.4
Armour         | 4 |  4.2
Fighting       | 4 |  4.2
Maces & Flails | 3 |  3.1
Axes           | |  0.4

Action                   || total
-------------------------++-------
Melee: Flail             ||    92
       Headbutt          ||    14
       War axe           ||    33
  Use: Potion            ||     3
  Eat: Chunk             ||     4
Armor: Scale mail        ||    70
Dodge: Dodged            ||    50
Block: Medium shield     ||    93
